Unix NetHack Version 5.0.0-0 post-release - last build Jul 14 2026 02:55:29 (1809b74e8187c3a3585e283601c3028b46cbbdcb,branch:main).

Game began 2026-07-06 02:22:30, ended 2026-07-15 02:37:39.

IceCreamJones, lawful female human Priestess

 ------------------------------------------      --------
 |...$............||......................|    .||.......
 |.-----------.--.|----.--------.--------.|   -.||.--.---
 |.|---------|.||.----|*|------|.|-------.|   |H--.||.|
 |.||.......||.||..%.||.||....||.||.||....|   |@...||.|
 |.||.-----.|...----.|---|.--.||.||.||.----   ------|.|
 |.||.----|.|.".---|.|----.||.--.||.--.|---------..--.|
 |.||....||.|.>.|.||.||.(..||^...||.*..||..$(||*.^%%..| 4
 -------.||.||.||.||.||.----------|.----|.--.||.-------
 ------|.||.||.||.||.||.|         |%---...||.--.|
 |....||$||.||.||.||.||.|         |....<^.||.$..| 3
 |.--.||.||^||.||.||.||.|         ---------------
 |.||.--.||.--.||.--*--.|
 |.||^...||.".*||.......|                       3 1
 ------------------------

IceCreamJones the Curate     St:18/08 Dx:22 Co:18 In:14 Wi:22 Ch:11  Lawful
Dlvl:29 $:0  HP:0(129) Pw:172(218) AC:-21 Xp:16 T:45840  Fly

Latest messages:
 In what direction?
 The magic missile misses the disenchanter.
 The magic missile bounces!
 The magic missile hits the disenchanter!
 In what direction?
 The magic missile hits the disenchanter!
 The disenchanter misses!
 You begin bashing monsters with your pick-axe.
 You kill the disenchanter!
 What do you want to wield? [- agtu or ?*]
 a - the blessed +6 Demonbane (weapon in right hand).
 What do you want to use or apply? [begjln-ru-xzB-DGJR-TY or ?*]
 You now wield a +0 pick-axe.
 In what direction do you want to dig? [47896>]
 You start digging.
 You hit the rock with all your might.
 You make an opening in the wall.
 What do you want to wield? [- agtu or ?*]
 a - the blessed +6 Demonbane (weapon in right hand).
 You see here a disenchanter corpse.
 The minotaur hits!
 The minotaur hits again!
 The minotaur butts!
 You hit the minotaur!
 The minotaur hits!
 The minotaur hits again!
 The minotaur butts!
 You hit the minotaur!
 The minotaur hits!
 The minotaur hits again!
 The minotaur butts!
 The minotaur hits!
 The minotaur misses!
 The minotaur misses!
 You hit the minotaur!
 The minotaur hits!
 The minotaur hits again!
 The minotaur misses!
 #
 Are you sure you want to pray? [yn] (n)
 You begin praying to Athena.
 The minotaur hits!
 The minotaur hits again!
 You die...
 Do you want your possessions identified? [ynq] (y)
 Do you want to see your attributes? [ynq] (y)
 Do you want an account of creatures vanquished? [ynaq] (y)
 Do you want a list of species genocided and extinct? [ynaq] (y)
 Do you want to see your conduct and achievements? [ynq] (y)
 Do you want to see the dungeon overview? [ynq] (y)

Inventory:
 Amulets  ('"')
  X - an amulet of flying (being worn)
 Weapons  (')')
  t - a blessed rustproof +6 aklys
  a - the blessed +6 Demonbane (weapon in right hand)
 Armor    ('[')
  E - a blessed tempered +4 helm of brilliance (being worn)
  N - a blessed +4 pair of gauntlets of dexterity (being worn)
  W - a fireproof +0 pair of speed boots (being worn)
  k - a blessed fireproof +2 shield of drain resistance (being worn)
  Q - a blessed greased fireproof +4 cloak of magic resistance (being worn)
  I - a blessed greased +3 silver dragon scale mail (being worn)
 Comestibles  ('%')
  c - a slime mold
  O - 2 food rations
  V - a sprig of wolfsbane
  d - 2 tins of broiled wumpus meat
  A - a lizard corpse
 Rings    ('=')
  H - a ring of free action (on right hand)
  m - a ring of slow digestion
 Wands    ('/')
  R - a wand of cancellation (0:3)
  G - a wand of cold (0:6)
  D - a wand of death (0:6)
  n - a wand of digging (0:7)
  S - a wand of fire (0:2)
  l - a wand of lightning (0:5)
  o - a wand of make invisible (0:4)
  e - a wand of polymorph (0:5)
  x - a wand of sleep (0:6)
  j - a wand of sleep (0:4)
  p - a wand of slow monster (0:5)
  q - a wand of speed monster (0:1)
  J - a blessed wand of striking (0:4)
  B - a wand of teleportation (0:8)
  v - a wand of undead turning (0:5)
 Tools    ('(')
  b - a blessed greased bag of holding containing 66 items
  Y - an empty sack
  T - a blindfold
  w - a magic whistle
  C - an oil lamp (lit)
  g - a +0 pick-axe
  r - a skeleton key
  z - a stethoscope
  u - a blessed +0 unicorn horn
 Gems/Stones  ('*')
  L - a garnet stone
  P - a worthless piece of red glass
  h - a blessed luckstone

Contents of the bag of holding:
  a cursed amulet of change
  an amulet of life saving
  the blessed tempered +0 Mitre of Holiness
  a +0 pair of speed boots
  a blessed +2 pair of water walking boots
  2 slime molds
  2 C-rations
  a partly eaten food ration
  8 food rations
  a K-ration
  an orange
  a pancake
  4 sprigs of wolfsbane
  a cursed tripe ration
  a tin of human meat
  a lizard corpse
  2 lizard corpses
  a scroll of scare monster
  a cursed scroll of taming
  a scroll of create monster
  a scroll of destroy armor
  a scroll of earth
  a scroll of identify
  2 scrolls of remove curse
  a scroll of teleportation
  a spellbook of cone of cold
  a spellbook of confuse monster
  a spellbook of detect food
  a blessed spellbook of remove curse
  a potion of extra healing
  3 potions of full healing
  a potion of healing
  a potion of invisibility
  a potion of oil
  12 potions of holy water
  a ring of cold resistance
  a ring of conflict
  a ring of polymorph control
  a ring of polymorph control
  a wand of cold (0:3)
  a wand of death (0:7)
  a wand of digging (0:8)
  a wand of digging (0:5)
  a wand of enlightenment (0:12)
  a wand of enlightenment (1:0)
  a wand of fire (0:0)
  a wand of lightning (0:7)
  a wand of magic missile (0:5)
  a wand of polymorph (0:5)
  a wand of polymorph (0:8)
  a wand of probing (0:4)
  a blessed wand of sleep (0:8)
  a wand of slow monster (0:6)
  a wand of speed monster (0:3)
  a wand of stasis (0:3)
  a blessed wand of striking (0:3)
  a wand of striking (0:8)
  a blessed wand of teleportation (0:0)
  a wand of teleportation (0:8)
  a wand of wishing (1:0)
  a wand of wishing (0:1)
  a fire horn (0:3)
  a can of grease (0:14)
  a skeleton key
  a towel
  3 sapphires

IceCreamJones the Priestess's attributes:

Background:
 You were a Curate, a level 16 human Priestess.
 You were lawful, on a mission for Athena
 who was opposed by Hermes (neutral) and Poseidon (chaotic).
 You were right-handed.
 You were in Gehennom, on level 29.
 You entered the dungeon 45840 turns ago.
 It was nighttime.
 There was a new moon in effect when your adventure ended.
 You had 354649 experience points, 285351 more were needed to attain level 17.

Basics:
 You had 0 out of 129 hit points.
 You had 172 out of 218 energy points (spell power).
 Your armor class was -21.
 Your wallet was empty.
 Autopickup was off.

Final Characteristics:
 Your strength was 18/08 (limit:18/100).
 Your dexterity was 22 (base:18, innate limit:18).
 Your constitution was 18 (limit:18).
 Your intelligence was 14 (base:10, limit:18).
 Your wisdom was 22 (base:18, innate limit:18).
 Your charisma was 11 (limit:18).

Final Status:
 You were flying.
 You weren't hungry.
 You were unencumbered.
 You were wielding a mace.
 You had expert skill with mace.

Final Attributes:
 You were piously aligned.
 You were magic-protected.
 You were fire resistant.
 You were cold resistant.
 You were sleep resistant.
 You were poison resistant.
 You were level-drain resistant.
 You were telepathic.
 You were warned.
 You were warded.
 You were very fast.
 You had reflection.
 You had free action.
 You were extremely lucky.
 You had extra luck.
 Good luck did not time out for you.
 You are dead.

Miscellaneous:
 You encountered 3 bones levels.
 Total elapsed playing time was 12 hours, 52 minutes and 4 seconds.

Major events:
 Turn
    1: IceCreamJones the lawful human Priestess entered the dungeon
  310: entered the Gnomish Mines
 1066: attained the rank of Acolyte (level 3)
 2297: made her first wish - "blessed greased +2 silver dragon scale mail", got "a blessed greased silver dragon scale mail"
 3093: attained the rank of Adept (level 6)
 5391: performed her first genocide (master mind flayers)
 6946: entered Sokoban
 7177: completed 1st Sokoban level
10791: reached Mine Town
13227: completed 2nd Sokoban level
13509: completed 3rd Sokoban level
14094: completed 4th Sokoban level
14385: acquired the Sokoban bag of holding
14960: wished for "blessed fireproof +2 cloak of magic resistance", got "a blessed piece of cloth"
15178: was bestowed with Demonbane by Athena
15445: attained the rank of Priestess (level 10)
18319: acquired the Mines' End luckstone
18770: Uist, the quality apparel and accessories proprietor, has been killed
18941: Siirt, the used armor dealership proprietrix, has been killed
19544: Hebiwerie, the general store proprietor, has been killed
19750: wished for "blessed rustproof +2 helm of brilliance", got "a blessed crystal helmet"
20796: Ngebel, the delicatessen proprietor, has been killed
21995: entered Home 1, the Quest
23375: genocided class L
24834: Boyabai, the used armor dealership proprietor, has been killed
27904: killed Medusa
30534: entered Gehennom
31551: genocided mind flayers
33929: found Excalibur on the floor
33929: found the Orb of Fate on the floor
33974: found Fire Brand in a container
33974: found Mjollnir in a container
33974: found Werebane in a container
36773: attained the rank of Curate (level 14)
36879: the Arch Priest has granted access to proceed deeper into the quest
36965: entered Home 2, the Quest
37151: entered Home 3, the Quest
41142: entered Home 4, the Quest
41364: entered Home 5, the Quest
41712: killed Nalzok
41712: found the Mitre of Holiness carried by a monster
41731: acquired the Bell of Opening
45840: killed by a minotaur, while praying

Spells:
 Name                 Level Category     Fail Retention
 light                  1   clerical       0%   86%-90%
 extra healing          3   healing        0%   86%-90%
 protection             1   clerical       0%   86%-90%
 healing                1   healing        0%   86%-90%
 fireball               4   attack        70%   26%-50%
 haste self             3   escape        45%   26%-50%
 cone of cold           4   attack        70%   26%-50%
 detect unseen          3   divination     0%   31%-40%
 force bolt             1   attack         0%   51%-75%
 confuse monster        1   enchantment    0%   51%-75%
 magic missile          2   attack         0%   51%-75%
 wizard lock            2   matter         0%  76%-100%
 restore ability        4   healing        0%   91%-95%
 invisibility           4   escape        70%    1%-25%
 clairvoyance           3   divination     0%    1%-10%
 create monster         2   clerical       0%   11%-15%
 teleport away          6   escape       100%   51%-75%
 jumping                1   escape         0%   51%-75%
 create familiar        6   clerical      45%   61%-65%
 cure sickness          3   healing        0%   66%-70%
 detect food            2   divination     0%   61%-70%
 identify               3   divination     0%   71%-80%
 chain lightning        2   attack         0%   51%-75%
 detect monsters        1   divination     0%   81%-90%
 charm monster          5   enchantment   88%  76%-100%
 remove curse           3   clerical       0%   91%-95%

Skills:
 Fighting Skills
   bare handed combat [Unskilled]
 Weapon Skills
   club               [Basic]
   mace               [Expert]
   morning star       [Unskilled]
   flail              [Unskilled]
   hammer             [Unskilled]
   quarterstaff       [Unskilled]
   polearms           [Unskilled]
   spear              [Unskilled]
   trident            [Unskilled]
   lance              [Unskilled]
   bow                [Unskilled]
   sling              [Unskilled]
   crossbow           [Unskilled]
   dart               [Unskilled]
   shuriken           [Unskilled]
   boomerang          [Unskilled]
   unicorn horn       [Unskilled]
 Spellcasting Skills
   healing spells     [Skilled]
   divination spells  [Basic]
   clerical spells    [Skilled]

Voluntary challenges:
 Character rerolling was not enabled.
 You genocided 6 types of monsters.
 You never polymorphed an object.
 You never changed form.
 You used 3 wishes.
 You did not wish for any artifacts.
 You did not violate any of the special Sokoban rules.
Achievements:
 You entered a shop.
 You entered the Gnomish Mines.
 You attained the rank of Acolyte.
 You attained the rank of Adept.
 You entered Sokoban.
 You entered Minetown.
 You completed Sokoban.
 You attained the rank of Priestess.
 You completed the Gnomish Mines.
 You defeated Medusa.
 You entered Gehennom.
 You attained the rank of Curate.
 You entered a temple.
 You handled the Bell of Opening.

 The Dungeons of Doom: levels 1 to 25
    Level 1:
       A fountain.
    Level 2:
       An untended shop.
    Level 3:
       A wand shop.
       Stairs down to The Gnomish Mines.
    Level 4:
       An armor shop, a fountain.
    Level 5: "Stash"
    Level 6:
    Level 7:
    Level 8:
       A fountain.
    Level 9:
       Many fountains.
       Oracle of Delphi.
    Level 10:
       A grave.
       Stairs up to Sokoban, level 9.
    Level 11: "polymorph trap"
       A grave.
    Level 12:
       A food shop, a fountain.
    Level 13: "SCM"
       A fountain.
    Level 14:
       Some fountains, a grave.
    Level 15:
       A grave.
       Portal to The Quest.
    Level 16:
    Level 17:
       Portal to Fort Ludios.
    Level 18:
       A primitive area.
    Level 19:
       An armor shop, a fountain, a grave.
    Level 20:
       Some altars, a fountain.
    Level 21:
       A grave.
    Level 22: "BoH"
    Level 23:
       Some graves.
    Level 24:
       A fountain, many trees.
    Level 25:
       A throne, a fountain.
       Connection to Gehennom.
 Gehennom: levels 26 to 30
    Level 26:
       A temple and an altar, many graves.
       Valley of the Dead.
       Final resting place for
          baika-Val-Hum-Fem-Law, killed by the wrath of Moloch.
    Level 27:
    Level 28:
    Level 29: <- You were here.
       Final resting place for
          you, killed by a minotaur, while praying.
    Level 30:
 The Gnomish Mines: levels 4 to 12
    Level 4:
       A grave.
       Final resting place for
          DaveT-Pri-Hum-Mal-Law, killed by a rabid rat.
    Level 5:
    Level 6:
    Level 7:
       An altar to Athena, a fountain.
    Level 8:
    Level 9:
       A grave.
       Final resting place for
          magnolian-Val-Hum-Fem-Law, killed by a giant spider.
    Level 10:
    Level 11: "keys"
    Level 12:
 The Quest: levels 1 to 5
    Level 1:
       A temple and an altar, many trees.
       Completed quest for the Arch Priest.
    Level 2:
       Many graves.
    Level 3:
       A temple and an altar, many graves.
    Level 4:
       Many graves.
    Level 5:
 Sokoban: levels 9 up to 6
    Level 6:
       Solved.
    Level 7:
       Solved.
    Level 8:
       Solved.
    Level 9:
       Solved.
 Fort Ludios:
    Level 1:


Vanquished creatures:
    Medusa
  a storm giant
  a titan
  2 balrogs
    Nalzok
  a purple worm
  a gray dragon
  a gold dragon
  2 red dragons
  a white dragon
  a green dragon
  a yellow dragon
  5 minotaurs
  3 baluchitheria
  2 Olog-hai
  3 pit fiends
  2 hell hounds
  a titanothere
  a trapper
  a baby gray dragon
  a baby blue dragon
  4 baby yellow dragons
  a guardian naga
  2 genetic engineers
  2 disenchanters
  7 vampire leaders
  5 shopkeepers
 an aligned cleric
  2 captains
  a clay golem
  2 nurses
 an ice devil
 an Aleax
 an ettin
  a golden naga
 28 vampires
  7 lieutenants
 65 ghosts
  a mind flayer
  8 giant mimics
  5 long worms
  3 zruties
  3 fire giants
  5 ogre tyrants
  2 ice trolls
  a rock troll
  3 umber hulks
  3 flesh golems
  2 elven monarchs
  a doppelganger
  2 hezrous
  3 large mimics
  3 wumpuses
  a fire vortex
  2 couatls
  9 stalkers
  3 air elementals
  5 fire elementals
  3 earth elementals
  2 water elementals
  7 hill giants
  a giant mummy
  2 black nagas
  6 xorns
 15 giant zombies
 an elf-noble
 13 sergeants
  a water demon
  a barbed devil
  a vrock
  2 salamanders
  3 wargs
  a winter wolf
  4 hell hound pups
  7 small mimics
  2 glass piercers
  3 warhorses
  a steam vortex
  6 xans
  3 ettin mummies
  7 ogre leaders
  8 quantum mechanics
  5 trolls
  3 wood golems
  a marilith
  4 sharks
  2 gelatinous cubes
  2 large dogs
  4 freezing spheres
  4 flaming spheres
  5 shocking spheres
  3 large cats
  5 tigers
  3 gargoyles
  6 tengu
  4 ochre jellies
  8 leocrottas
  a mountain centaur
  5 elf mummies
  6 human mummies
  a red naga
  7 pythons
  3 pit vipers
  4 cobras
107 wraiths
  a carnivorous ape
 22 ettin zombies
  2 leather golems
 11 Grey-elves
 46 soldiers
 12 amorous demons
  a horned devil
  6 chameleons
  3 crocodiles
  9 giant beetles
  4 quivering blobs
 27 cockatrices
  6 wolves
 10 winter wolf cubs
  a lynx
  2 panthers
  3 gremlins
 21 leprechauns
  8 orc-captains
  4 iron piercers
  a mumak
  9 giant spiders
  a scorpion
  5 horses
  3 ice vortices
  7 black lights
  6 vampire bats
  3 forest centaurs
  5 gnome rulers
  4 orc mummies
  4 dwarf mummies
  4 ogres
  6 brown puddings
 13 rust monsters
  6 owlbears
  6 yetis
  3 gold golems
 10 werewolves
 17 Green-elves
  4 giant eels
 12 lizards
  9 chickatrices
  5 dogs
  2 housecats
  2 jaguars
  5 dwarf leaders
  6 blue jellies
  a gray unicorn
  4 black unicorns
  6 dust vortices
  6 ravens
  5 plains centaurs
  2 gnome mummies
 10 snakes
  7 water moccasins
 13 apes
138 human zombies
  a rope golem
 12 Woodland-elves
  5 soldier ants
  4 fire ants
 23 bugbears
  2 imps
  3 quasits
  4 wood nymphs
  6 water nymphs
  2 mountain nymphs
 33 Mordor orcs
 22 Uruk-hai
  8 orc shamans
  9 rock piercers
  5 rock moles
  4 ponies
 27 fog clouds
 13 yellow lights
  4 shriekers
  6 violet fungi
 23 gnome leaders
  9 gnomish wizards
  5 kobold mummies
  a red naga hatchling
  3 black naga hatchlings
  9 gray oozes
  3 barrow wights
 27 elf zombies
 31 ghouls
  3 straw golems
  3 paper golems
  2 jellyfish
 12 giant ants
  3 little dogs
 16 floating eyes
  2 kittens
 17 dwarves
  3 homunculi
  4 kobold leaders
  4 kobold shamans
 52 hill orcs
 20 rothes
  5 rabid rats
  4 centipedes
  2 giant bats
  a monkey
 32 orc zombies
 41 dwarf zombies
  2 wererats
  5 werejackals
 13 iguanas
 27 killer bees
  8 acid blobs
  8 coyotes
  3 gas spores
  4 hobbits
  9 manes
  2 large kobolds
 28 hobgoblins
 an orc
 11 giant rats
 21 cave spiders
  4 brown molds
  5 yellow molds
  2 green molds
 54 gnomes
  4 garter snakes
 31 gnome zombies
 13 geckos
  8 jackals
  5 foxes
  8 kobolds
  4 goblins
  2 sewer rats
 10 grid bugs
  7 bats
 14 lichens
 27 kobold zombies
 12 newts
1953 creatures vanquished.

Genocided or extinct species:
 arch-liches
 master liches
 demiliches
 master mind flayers
 liches
 mind flayers
 soldiers (extinct)
 human zombies (extinct)
6 species genocided.
2 species extinct.

Game over:
                       ----------
                      /          \
                     /    REST    \
                    /      IN      \
                   /     PEACE      \
                  /                  \
                  |  IceCreamJones   |
                  |       0 Au       |
                  |   killed by a    |
                  |     minotaur     |
                  |                  |
                  |                  |
                  |       2026       |
                 *|     *  *  *      | *
        _________)/\\_//(\/(/\)/\//\/|_)_______

Goodbye IceCreamJones the Priestess...

You died in Gehennom on dungeon level 29 with 577664 points,
and 0 pieces of gold, after 45840 moves.
You were level 16 with a maximum of 129 hit points when you died.

